 Dungeon Crawl Stone Soup version 0.19-a0-805-g0a78ef0 (webtiles) character file.

33 tyrsky the Stinger (level 3, 0/24 HPs)
             Began as a Formicid Venom Mage on June 27, 2016.
             Killed by nerve-wracking pain
             ... invoked by an orc priest
              (13 damage)
             ... on level 3 of the Dungeon.
             The game lasted 00:04:28 (1267 turns).

tyrsky the Stinger (Formicid Venom Mage)            Turns: 1267, Time: 00:04:29

Health: 0/24       AC:  2    Str: 12    XL:     3   Next: 47%
Magic:  1/6        EV: 12    Int: 14    God:
Gold:   123        SH:  0    Dex: 12    Spells: 2 memorised, 2 levels left

rFire  . . .     SeeInvis +     f - +0 club
rCold  . . .     Gourm    .     a - +0 robe
rNeg   . . .     Faith    .     (no shield)
rPois  .         Spirit   .     (helmet unavailable)
rElec  .         Dismiss  .     (no cloak)
rCorr  .         Reflect  .     (no gloves)
SustAt .         Harm     .     (no boots)
MR     .....                    (no amulet)
Stlth  ++........               (no ring)
                                (no ring)

@: very slightly contaminated, not resistant to hostile enchantments, unstealthy
A: permanent stasis, dig shafts and tunnels, four strong arms, antennae 3
a: Dig, Shaft Self


You were on level 3 of the Dungeon.
You were very hungry.

You visited 1 branch of the dungeon, and saw 3 of its levels.

You collected 123 gold pieces.

Inventory:

Hand Weapons
 f - a +0 club (weapon)
Armour
 a - a +0 robe (worn)
Scrolls
 d - 3 scrolls of remove curse {unknown}
 e - a scroll of fog {unknown}
 g - a scroll of noise {unknown}
 i - a scroll of random uselessness {unknown}
 j - a scroll of recharging {unknown}
 l - 3 scrolls of identify {unknown}
 o - a scroll of amnesia {unknown}
 q - a scroll of magic mapping {unknown}
 r - a scroll of enchant armour {unknown}
Potions
 h - 2 potions of lignification {unknown}
 p - a potion of flight {unknown}
Books
 b - a Young Poisoner's Handbook

   Spells                             Type                      Level
   a - Sting                          Conjuration/Poison           1
   b - Mephitic Cloud                 Conjuration/Poison/Air       3
   c - Olgreb's Toxic Radiance        Poison                       4
   d - Alistair's Intoxication        Transmutation/Poison         5
   e - Venom Bolt                     Conjuration/Poison           5
Comestibles
 c - 4 bread rations
 k - 3 meat rations
 m - a beef jerky
 n - a slice of pizza


   Skills:
 + Level 1.4 Maces & Flails
 - Level 1.7 Dodging
 + Level 3.4 Stealth
 - Level 2.1 Spellcasting
 + Level 5.7 Poison Magic


You had 2 spell levels left.
You knew the following spells:

 Your Spells              Type           Power        Failure   Level  Hunger
a - Sting                 Conj/Pois      #...         10%         1    #......
b - Mephitic Cloud        Conj/Pois/Air  #.......     38%         3    ###....


Dungeon Overview and Level Annotations

Branches:
Dungeon (3/15)

Altars:


Innate Abilities, Weirdness & Mutations

You are under a permanent stasis effect.
You can dig through walls and to a lower floor.
Your four strong arms can wield two-handed weapons with a shield.
You have a pair of large antennae on your head. (SInv)


Message History

The orc shouts!
You hear a shout!
The orc is engulfed in noxious fumes.
The orc appears confused.
Casting: Mephitic Cloud
Confirm with . or Enter, or press ? or * to list all spells.
Aiming: Sting
Press: ? - help, Shift-Dir - straight line, f - orc priest
Aim: an orc priest, wielding a club and wearing a chain mail The sting hits the orc priest.
The orc priest appears unharmed.
Casting: Sting
Confirm with . or Enter, or press ? or * to list all spells.
Aiming: Sting
Press: ? - help, Shift-Dir - straight line, f/p - orc priest
Aim: an orc priest, wielding a club and wearing a chain mail You miscast Sting.
You are very lightly contaminated with residual magic.
Nothing appears to happen.
The orc priest calls down the wrath of Beogh upon you.
Pain shoots through your body!
Ouch! That really hurt!
You die...

........#
#o...o.<.#
#########
#..o.....# {
#........#
#...o....#
#..{.....#
#.....)..#
#....{{..#
#######o##
#.a...o.#
#.####### #.# #.#
#.# #.# #.# #.#
###############.#


You could see an orc priest and an orc.

Vanquished Creatures
  An adder (D:2)
  A giant gecko (D:3)
  5 goblins
  4 hobgoblins
  4 kobolds
  5 bats
  3 rats
23 creatures vanquished.

Notes
Turn   | Place    | Note
--------------------------------------------------------------
     0 | D:1      | tyrsky the Formicid Venom Mage began the quest for the Orb.
     0 | D:1      | Reached XP level 1. HP: 13/13 MP: 3/3
   348 | D:1      | Reached XP level 2. HP: 14/19 MP: 0/5
   926 | D:2      | Reached XP level 3. HP: 24/24 MP: 4/6
  1046 | D:2      | Reached skill level 1 in Maces & Flails
  1126 | D:3      | Learned a level 3 spell: Mephitic Cloud
  1267 | D:3      | Killed from afar by an orc priest

Vault maps used:
D:1:      lightli_arrival_windingriver
D:2:      first_bread
D:3:      minitemple, minmay_cut_off

Skill      XL: |  1  2  3 |
---------------+----------+-----
Stealth        | 3 |  3.4
Maces & Flails | 1 |  1.4
Dodging        | |  1.7
Spellcasting   | |  2.1
Poison Magic   | |  5.7

Action                   || total
-------------------------++-------
Melee: Unarmed           ||    15
       Club              ||    37
 Cast: Sting             ||    43
       Mephitic Cloud    ||     1
  Eat: Chunk             ||     1
Armor: Robe              ||    24
Dodge: Dodged            ||    63
